 Dungeon Crawl Stone Soup version 0.25-a0-589-g1e14c549ee (webtiles) character file.

Game seed: 5365867030642180388, levelgen mode: classic

47 EnegeticOcto the Skirmisher (level 3, -4/31 HPs)
             Began as a Mummy Chaos Knight on Mar 13, 2020.
             Was a Plaything of Xom.
             Slain by a worm (10 damage)
             ... on level 2 of the Dungeon.
             The game lasted 00:00:42 (1273 turns).

EnegeticOcto the Skirmisher (Mummy Chaos Knight)    Turns: 1273, Time: 00:00:42

Health: -4/31      AC:  5    Str: 16    XL:     3   Next: 48%
Magic:  3/3        EV: 11    Int: 11    God:    Xom [..*...]
Gold:   55         SH:  0    Dex: 11    Spells: 2/2 levels left

rFire    x . .     SeeInvis .   e - +0 whip
rCold    + . .     Gourm    .   (no shield)
rNeg     + + +     Faith    .   b - +2 leather armour
rPois    ∞         Spirit   .   (no helmet)
rElec    .         Reflect  .   (no cloak)
rCorr    .         Harm     .   (no gloves)
MR       .....                  (no boots)
Stlth    +.........             (no amulet)
HPRegen  0.10/turn              (no ring)
MPRegen  0.08/turn              (no ring)

@: no status effects
A: no food or potions, fire vulnerability, cold resistance 1, negative energy
resistance 3, torment resistance, unbreathing
a: Renounce Religion


You were on level 2 of the Dungeon.
You worshipped Xom.
You were a toy of Xom.
You were not hungry.

You visited 1 branch of the dungeon, and saw 2 of its levels.

You collected 55 gold pieces.

Inventory:

Hand Weapons
 a - a +0 mace of chaos
 e - a +0 whip (weapon)
Armour
 b - a +2 leather armour (worn)
Scrolls
 c - a scroll of amnesia {unknown}
 d - a scroll of identify {unknown}


   Skills:
 + Level 4.5 Fighting
 - Level 2.4 Maces & Flails
 - Level 1.5 Armour
 - Level 0.7 Dodging


You had 2 spell levels left.
You didn't know any spells.
Your spell library was empty.

Dungeon Overview and Level Annotations

Branches:
Dungeon (2/15)

Altars:


Innate Abilities, Weirdness & Mutations

You do not eat or drink.
Your flesh is vulnerable to fire.
You are immune to poison.
Your flesh is cold resistant. (rC+)
You are immune to negative energy. (rN+++)
You are immune to unholy pain and torment.
You can survive without breathing.


Message History

No target in view!
No target in view!
You see here a hobgoblin corpse.
There is a stone staircase leading down here.
A bat comes into view.
A bat is nearby!
A bat is nearby!
A bat is nearby!
A bat is nearby!
A bat is nearby!
The bat hits you but does no damage.
You hit the bat.
The bat is moderately wounded.
The bat hits you but does no damage. x2
You hit the bat.
You kill the bat!
No target in view!
No target in view!
No target in view!
No target in view!
No target in view!
No target in view!
No target in view!
No target in view!
No target in view!
No target in view!
No target in view!
No target in view!
You now have 50 gold pieces (gained 5).
Found 31 arrows.
You now have 55 gold pieces (gained 5).
Key pressed, stopping explore.
There is a stone staircase leading up here.
A bat comes into view.
The bat moves out of view.
The bat is too close now for your liking.
A bat is nearby!
A bat is nearby!
The bat hits you but does no damage. The bat closely misses you.
You hit the bat.
The bat is heavily wounded.
The bat hits you but does no damage. The bat hits you but does no damage.
The bat hits you but does no damage.
You miss the bat.
The bat is heavily wounded.
The bat barely misses you.
A worm comes into view.
The bat hits you but does no damage.
You hit the bat but do no damage.
The bat is heavily wounded.
The bat hits you but does no damage. The bat closely misses you.
You hit the bat.
You kill the bat!
A goblin comes into view.
Found a stone staircase leading down.
The worm bites you!
You hit the worm.
The worm is lightly wounded.
You hit the worm but do no damage.
The worm is lightly wounded.
The worm bites you.
You are too injured to fight recklessly!
There are monsters nearby!
There are monsters nearby!
There are monsters nearby!
There are monsters nearby!
You are too injured to fight recklessly!
You are too injured to fight recklessly!
You are too injured to fight recklessly!
You are too injured to fight recklessly!
You are too injured to fight recklessly!
You are too injured to fight recklessly!
You are too injured to fight recklessly!
You are too injured to fight recklessly!
You are too injured to fight recklessly!
You are too injured to fight recklessly!
You are too injured to fight recklessly!
You are too injured to fight recklessly!
You are too injured to fight recklessly!
You are too injured to fight recklessly!
You are too injured to fight recklessly!
You are too injured to fight recklessly!
You are too injured to fight recklessly!
You are too injured to fight recklessly!
You barely miss the worm. You hit the worm but do no damage.
The goblin hits you but does no damage. The worm bites you.
You hit the worm.
The worm is lightly wounded.
The goblin barely misses you.
You barely miss the worm.
The worm is lightly wounded.
The goblin barely misses you. The worm bites you!
* * * LOW HITPOINT WARNING * * *
You hit the worm but do no damage. The goblin closely misses you.
You hit the worm.
The worm is moderately wounded.
The worm bites you!
You die...

#....##.....#
#....##.....# ......#
#...........+ ......+
..#.........#####.....##
..#............#.......#
..##...##+##...#.......#
. +....#.##...#.......##
####....#......##g.......
................@w......>
....÷÷..##.....##.##.....
#..÷.<..###..............
.....÷..###.##........#..
......%....<...†......#
......................#
..............###.....#
.######....##+# #.....#
..###...................


You could see a worm and a goblin.

Vanquished Creatures
  3 leopard geckos (D:1)
  2 ball pythons (D:1)
  5 bats
  6 goblins
  6 hobgoblins
  4 jackals (D:1)
  4 kobolds
  2 quokkas (D:2)
  A frilled lizard (D:1)
  5 rats
38 creatures vanquished.

Notes
Turn   | Place    | Note
-------+----------+-------------------------------------------
     0 | D:1      | EnegeticOcto the Mummy Chaos Knight began the quest for the
                  | Orb.
     0 | D:1      | Reached XP level 1. HP: 18/18 MP: 1/1
     1 | D:1      | XOM: harmless Air miscast
   356 | D:1      | Reached XP level 2. HP: 24/24 MP: 2/2
   564 | D:1      | Reached skill level 4 in Fighting
   568 | D:1      | XOM: potion effect (might)
   569 | D:1      | XOM: smoke on damage
   588 | D:1      | Reached XP level 3. HP: 14/30 MP: 3/3
  1273 | D:2      | Slain by a worm

Levels and vault maps discovered:
D:1:      grunt_arrival_crossed_arrows, layout_basic
D:2:      layout_basic, uniq_sigmund, uniq_natasha, uniq_robin

Skill      XL: |  1  2 |
---------------+-------+-----
Fighting       | 4 |  4.5
Maces & Flails | |  2.4
Armour         | |  1.5
Dodging        | |  0.7

Action                   || total
-------------------------++-------
Melee: Mace              ||    67
       Whip              ||    62
Armor: Leather armour    ||    71
Dodge: Dodged            ||    94

Table legend:
 A = Non-vault XP
 B = Vault XP
 C = Vault XP percentage of total XP
 D = Non-vault monster count
 E = Vault monster count
 F = Vault count percentage of total count
                 A         B        C        D         E       F
            +---------+---------+-------+---------+---------+-------
      Total |      68 |       0 |   0.0 |      38 |       0 |   0.0
            +---------+---------+-------+---------+---------+-------
        D:1 |      48 |       0 |   0.0 |      26 |       0 |   0.0
        D:2 |      20 |       0 |   0.0 |      12 |       0 |   0.0
            +---------+---------+-------+---------+---------+-------
